 Dungeon Crawl Stone Soup version 0.14-a0-445-g388476e (webtiles) character file.

910 PolkaDot the Charmwright (level 7, -4/49 HPs)
             Began as a Vampire Skald on Oct 30, 2013.
             Was a Follower of Vehumet.
             Slain by a warg (9 damage)
             ... on Level 6 of the Dungeon.
             The game lasted 00:17:34 (4371 turns).

PolkaDot the Charmwright (Vampire Skald)            Turns: 4371, Time: 00:17:34

HP  -4/49        AC  6     Str 14      XL: 7   Next: 40%
MP  12/13        EV 10     Int 16      God: Vehumet [*.....]
Gold 199         SH 10     Dex 13      Spells:  3 memorised,  5 levels left

Res.Fire  : . . .   See Invis. : +   A - +10,+6 spear of the Whelk {pierce, Str+3}
Res.Cold  : + . .   Warding    : .   a - +0 elf leather armour
Life Prot.: . . .   Conserve   : .   l - +0 buckler
Res.Poison: .       Res.Corr.  : .   (no helmet)
Res.Elec. : .       Clarity    : .   (no cloak)
Sust.Abil.: . .     Spirit.Shd : .   g - +1 pair of gloves
Res.Mut.  : .       Stasis     : .   y - +0 pair of dwarf boots
Res.Rott. : .       Flight     : .   (no amulet)
Saprovore : . . .                    k - ring of protection from cold
                                     (no ring)

@: regenerating quickly, slightly resistant to hostile enchantments, very
unstealthy
A: bottle blood, fangs 3, see invisible, unbreathing
a: Bottle Blood, Renounce Religion


You were on level 6 of the Dungeon.
You worshipped Vehumet.
Vehumet was aware of your devotion.
You were very full.

You visited 2 branches of the dungeon, and saw 7 of its levels.

You collected 179 gold pieces.

Inventory:

Hand weapons
 A - the +10,+6 spear of the Whelk (weapon) {pierce, Str+3}
   (You found it on level 5 of the Dungeon)

   It inflicts extra damage upon your enemies.
   It affects your strength (+3).
Armour
 a - a +0 elven leather armour (worn)
 g - a +1 pair of gloves (worn)
 l - a +0 buckler (worn)
 y - a +0 pair of dwarven boots (worn)
Magical devices
 o - a wand of slowing (8) {unknown}
 x - a wand of digging (15) {unknown}
Scrolls
 f - a scroll of noise
 h - a scroll of amnesia
 j - a scroll of fog {unknown}
 m - a scroll of enchant weapon II {unknown}
 q - 6 scrolls of remove curse
 u - a scroll of enchant weapon I {unknown}
 v - a scroll of teleportation
Jewellery
 k - a ring of protection from cold (right hand)
 p - an uncursed ring of teleportation
Potions
 e - 2 potions of brilliance
 n - 4 potions of restore abilities
 r - 3 potions of curing
 s - a potion of speed {unknown}
 t - a potion of magic {unknown}
 w - a potion of heal wounds
 z - a potion of berserk rage {unknown}
Books
 c - a book of Battle

   Spells                             Type                      Level
   *Infusion                          Charms                       1
   Shroud of Golubria                 Charms/Translocation         2
   Song of Slaying                    Charms                       2
   *Spectral Weapon                   Hexes/Charms                 3
   Regeneration                       Charms/Necromancy            3
 d - a book of Death

   Spells                             Type                      Level
   Corpse Rot                         Necromancy                   2
   Sublimation of Blood               Necromancy                   2
   Agony                              Necromancy                   5
   Dispel Undead                      Necromancy                   5
   Excruciating Wounds                Charms/Necromancy            5
   Bolt of Draining                   Conjuration/Necromancy       6


   Skills:
 - Level 1.7 Fighting
   Level 3.8 Short Blades
 - Level 0.7 Armour
 - Level 1.1 Dodging
 - Level 5.0 Shields
 - Level 2.0 Spellcasting
 + Level 4.2 Hexes
 + Level 5.4 Charms
 * Level 0.0 Air Magic


You had 5 spell levels left.
You knew the following spells:

 Your Spells              Type           Power        Failure   Level  Hunger
a - Infusion              Chrm           ###...       2%          1    #......
b - Shock                 Conj/Air       #...         21%         1    #......
s - Spectral Weapon       Hex/Chrm       ###.....     12%         3    ####...


Dungeon Overview and Level Annotations

Branches:
Dungeon (6/27)             Temple (1/1) D:4
    Orc: D:6-11

Altars:
Ashenzari
Cheibriados
Elyvilon
Fedhas
Kikubaaqudgha
Makhleb
Nemelex Xobeh
Okawaru
Trog
Vehumet
Xom
Yredelemnul
Zin
the Shining One


Innate Abilities, Weirdness & Mutations

Your natural rate of healing is unusually fast.
You can bottle blood from corpses.
You have razor-sharp teeth.*
You have supernaturally acute eyesight.
You can survive without breathing.*


Message History

Something smites you!
An orc comes into view. It is wielding an orcish trident.
Attack whom?
Press: ? - help, Dir - move target cursor, f/p - orc priest
Aim: an orc priest, wielding an orcish short sword and wearing an orcish scale mail You reach to attack!
You hit the orc priest but do no damage.
A giant frog and an orc priest come into view.
The giant frog gives a loud, deep croak!
The orc priest calls down the wrath of Beogh upon you.
Something smites you!
* * * LOW HITPOINT WARNING * * *
The warg closely misses you. The warg barely misses you.
The warg claws you but does no damage.
The orc priest shouts!
The orc priest mumbles some strange prayers to Beogh against you.
Something smites you!
* * * LOW HITPOINT WARNING * * *
The warg bites you!
You die...

........#####..#######
.........# #%.# #........#
#..# #....(...#####..#######
............)[..........
....[.##..)....(..........
.......##...#.#.)####..###
.............#.#..# #..#
.......Foo.h@...#..# #..#
....oo.o.oho..###..####..####
.......o%..o..# #............
........o.g....#
#............
#.o............#
#..####......
.........##....# #..# #......
........##....# #..# #......
...##.........# #..####......
.. #.........###.......<....


You could see 2 wargs, a giant frog, 3 orc priests, 7 orcs and a hobgoblin.

Vanquished Creatures
  2 ogres
  Duvessa (D:6)
  Dowan (D:6)
  A crimson imp (D:5)
  A giant frog skeleton (D:5)
  A hound (D:6)
  An orc priest (D:6)
  3 worker ants
  An iguana (D:4)
  An orc wizard (D:5)
  A scorpion (D:5)
  Terence (D:2)
  An adder (D:2)
  3 worms
  2 giant mites
  An adder skeleton (D:6)
  6 giant geckos
  3 oozes (D:1)
  9 orcs
  7 giant cockroaches
  6 hobgoblins
  10 kobolds
  4 quokkas
  3 ball pythons
  8 bats
  4 giant newts
  12 goblins
  3 jackals (D:1)
  12 rats
109 creatures vanquished.

Vanquished Creatures (others)
  A spectral weapon (D:4)
  A big fish (D:4)
  A rat (D:1)
3 creatures vanquished.

Grand Total: 112 creatures vanquished

Notes
Turn   | Place    | Note
--------------------------------------------------------------
     0 | D:1      | PolkaDot, the Vampire Skald, began the quest for the Orb.
     0 | D:1      | Reached XP level 1. HP: 15/15 MP: 4/4
    76 | D:1      | Reached XP level 2. HP: 8/21 MP: 3/6
   597 | D:1      | Reached XP level 3. HP: 26/26 MP: 2/7
  1557 | D:2      | Reached skill level 1 in Shields
  1557 | D:2      | Reached XP level 4. HP: 14/32 MP: 3/9
  1676 | D:2      | Found a bloodstained altar of Trog.
  1684 | D:2      | Noticed Terence
  1755 | D:2      | Killed Terence
  2098 | D:3      | Reached skill level 4 in Charms
  2608 | D:4      | Found a staircase to the Ecumenical Temple.
  2613 | Temple   | Entered the Ecumenical Temple
  2853 | Temple   | Learned a level 3 spell: Spectral Weapon
  2862 | Temple   | Became a worshipper of Vehumet
  3013 | D:4      | Found a white marble altar of Elyvilon.
  3089 | D:4      | Reached XP level 5. HP: 23/38 MP: 2/10
  3559 | D:5      | Entered Level 5 of the Dungeon
  3598 | D:5      | Reached skill level 1 in Hexes
  3695 | D:5      | Noticed an ogre
  3712 | D:5      | Killed an ogre
  3712 | D:5      | Reached XP level 6. HP: 44/44 MP: 3/12
  3936 | D:5      | Got a twisted spear
  3937 | D:5      | Identified the +10,+6 spear of the Whelk {pierce, Str+3} (You found it on level 5 of the Dungeon)
  4108 | D:5      | Found a burning altar of Makhleb.
  4234 | D:6      | Reached skill level 5 in Charms
  4239 | D:6      | Reached XP level 7. HP: 49/49 MP: 9/13
  4268 | D:6      | Noticed Duvessa
  4280 | D:6      | Killed Duvessa
  4283 | D:6      | Noticed Dowan
  4290 | D:6      | Killed Dowan
  4291 | D:6      | Acquired Vehumet's first power
  4291 | D:6      | Offered knowledge of Shock by Vehumet.
  4294 | D:6      | Learned a level 1 spell: Shock
  4297 | D:6      | Reached skill level 5 in Shields
  4371 | D:6      | Slain by a warg

Action                   |  1- 3 |  4- 6 |  7- 9 || total
-------------------------+-------+-------+-------++-------
Melee: Short sword       |    46 |   176 |       ||   222
       Dagger            |   210 |    63 |       ||   273
       Spear             |       |    14 |    19 ||    33
 Cast: Infusion          |     7 |    14 |     1 ||    22
       Spectral Weapon   |       |     7 |     1 ||     8
  Use: Potion            |     1 |     4 |       ||     5
       Scroll            |     7 |     3 |       ||    10
 Stab: Sleeping          |       |     1 |       ||     1
       Distracted        |       |     1 |     1 ||     2
